Zazza, neutral female human Tourist --------- ----------- |......<-# |.........| |.......|# |.........|# |.......|# ######.......>...########### ------.--# # --.-------- # ## # -------------### ## ### # # |............` # # # #### # |...........| # ###------------|--- # |............ ---.- #..`..........<.| ###------ |...........| # |...| ...............| #-.[[[| |............######|...| #.........).....| |.[)[| ------------- ##....| #|.@....f.......| |..[[| |.... # * *# -r---.-.-.-.---- |.)[.| |...|# #* * # * * |.[[[| ----- * * # # .... |.[.[| # ##|..| ------ |..| ---- Zazza the Rambler Experience level: 1 Strength: 9 Dexterity: 13 Constitution: 14 Intelligence: 13 Wisdom: 9 Charisma: 18 Health: 0(15) Energy: 2(2) Def: 7 Gold: 2059 Moves: 3012 Dungeon seed: gljUTGiLkm0wQM50 Game ID: Zazza_1600862063 Your Inventory: Coins $ - 2059 gold pieces Weapons a - 31 +2 darts (in quiver) S - a +0 bow W - a cursed -2 orcish dagger Armor e - an uncursed +0 orcish helm (being worn) q - an uncursed +0 elven mithril-coat (being worn) y - an uncursed +0 oilskin cloak (being worn) z - an uncursed +0 orcish helm N - a cursed -1 mummy wrapping Comestibles c - an uncursed slime mold h - an uncursed tripe ration i - 4 uncursed food rations Scrolls m - an uncursed scroll of magic mapping Potions l - a blessed potion of extra healing V - an uncursed potion of water Rings G - a cursed -1 ring of protection P - a cursed -3 ring of increase damage Wands b - a wand of create monster (0:14) M - a wand of magic missile (0:6) R - a wand of fire (0:4) X - a wand of light (0:14) Tools n - an expensive camera (0:36) o - an uncursed credit card Z - an uncursed tin whistle Gems r - 2 uncursed worthless pieces of violet glass Spells and supernatural/magical abilities: Name Level Category Fail Memory W - pray for help -- divine ? -- Your skills at the end: Fighting Skills Weapon Skills dart [Basic] Spellcasting Skills Final Attributes: You had strayed. You were telepathic. You were fast. You are dead. Vanquished creatures: a rock piercer a shrieker a kobold mummy 2 giant ants a little dog a floating eye a kobold lord an orc zombie an iguana a hobbit a large kobold a cave spider a brown mold a yellow mold a green mold 3 garter snakes 2 gnome zombies 4 geckos 3 jackals a fox 2 kobolds a goblin 10 grid bugs 8 lichens 14 newts 64 creatures vanquished. Voluntary challenges: You never hit with a wielded weapon. You had been a pacifist until turn 2871. You read items or engraved 9 times, starting on turn 1505. You never genocided any monsters. You never polymorphed an object. You never changed form. You used no wishes. You never split a pudding. You wrote Elbereth's name 8 times, starting on turn 1978. You violated your moral code, losing 3 points of alignment, starting on turn 1737. Dungeon overview: The Dungeons of Doom: levels 1 to 8 Level 1 a long staircase Level 2 a potion shop stairs to The Gnomish Mines Level 3 Level 4 a general store, a fountain Level 5 a fountain Level 6 a fountain, a sink Level 7 many fountains Level 8 <- You were here an armor shop a long staircase The Gnomish Mines: Level 3 stairs to The Dungeons of Doom History has recorded: On T:1 you entered the Dungeons of Doom to retrieve the Amulet of Yendor! On T:354 you reached level 2 of The Dungeons of Doom. On T:411 you reached level 1 of The Gnomish Mines. On T:904 you reached level 3 of The Dungeons of Doom. On T:1349 you reached level 4 of The Dungeons of Doom. On T:1989 you reached level 5 of The Dungeons of Doom. On T:2210 you reached level 6 of The Dungeons of Doom. On T:2729 you reached level 8 of The Dungeons of Doom. Score breakdown: Gold: 1780 (11057 points) Experience: 1 level ( 0 points) Exploration: 8 levels ( 15.38%) (11114 points) Discoveries: 8 items ( 2.68%) ( 4915 points) Valuables value: (no points given unless you survive) Artifact value: 0 ( 0 points) Variety of kills: 25 monsters ( 6.56%) ( 7684 points) Turncount: 3012 turns ( -605 points) Survival: died (score multiplied by 80%) Total score: 27332 Latest messages: Armand misses the rock mole. (3x) Armand bites the kobold lord. The kobold lord misses Armand. You hear some noises in the distance. You hear some noises. The kobold mummy misses Armand. Armand bites the kobold mummy. The kobold mummy is destroyed! There is a doorway here. You see here a mummy wrapping. N - a mummy wrapping. You displace Armand. Armand bites the kobold lord. The kobold lord misses Armand. Armand misses the rock mole. (2x) The kobold lord throws 2 darts! You are almost hit by the 1st dart. You are almost hit by the 2nd dart. Armand misses the rock mole. Armand bites the rock mole. The rock mole bites Armand. Armand misses the rock mole. (2x) Armand bites the rock mole. The rock mole bites! You die... Final status: Aloha Zazza the Tourist, killed by a rock mole... You died in The Dungeons of Doom on dungeon level 8 with 27332 points, and 2059 pieces of gold, after 3012 moves. You were level 1 with a maximum of 15 hit points when you died.